 Dungeon Crawl Stone Soup version 0.23-a0-373-g305c090 (webtiles) character file.

245560 aurelian the Severer (level 19, -14/180 HPs)
             Began as a Hill Orc Monk on Oct 24, 2018.
             Was the Champion of Beogh.
             Demolished by an iron troll (22 damage)
             ... on level 1 of the Depths on Oct 25, 2018.
             The game lasted 01:57:32 (42655 turns).

aurelian the Severer (Hill Orc Monk)               Turns: 42655, Time: 01:57:33

Health: -14/180    AC: 25    Str: 21    XL:     19   Next: 48%
Magic:  32/32      EV: 13    Int: 10    God:    Beogh [******]
Gold:   1810       SH: 12    Dex: 14    Spells: 17/18 levels left

rFire    + . .     SeeInvis .   f - +7 broad axe (flame)
rCold    + + .     Gourm    .   k - +0 shield
rNeg     + + .     Faith    .   J - +3 chain mail of Indecent Exposure {rElec}
rPois    +         Spirit   .   a - +1 helmet of Follow the Leader {*Drain rC+ rN++ Stlth+}
rElec    +         Reflect  .   Y - scarf {rC+ rF+}
rCorr    .         Harm     .   C - +0 pair of gloves
MR       ++...                  q - +2 pair of boots {run}
Stlth    ..........             X - amulet of regeneration
HPRegen  0.80/turn              D - ring "Situant" {+Inv rPois}
MPRegen  0.23/turn              I - ring of protection from magic

@: quick
A: walk on water
}: 2/15 runes: decaying, serpentine
a: Smiting, Recall Orcish Followers, Give Item to Named Follower, Resurrection,
Renounce Religion, Evoke Invisibility


You were on level 1 of the Depths.
You worshipped Beogh.
Beogh was exalted by your worship.
You were not hungry.

You visited 6 branches of the dungeon, and saw 31 of its levels.
You also visited: Ossuary, Ice Cave and Volcano.

You collected 2845 gold pieces.
You spent 1035 gold pieces at shops.

Inventory:

Hand Weapons
 f - a +7 broad axe of flaming (weapon)
 T - a +0 blowgun
 V - the +3 great sword of Wrongful Imprisonment {vamp, *Contam +Fly rElec rN+}
   (You found it on level 14 of the Dungeon)

   It inflicts no extra harm, but heals its wielder when it wounds a living foe.
   It insulates you from electricity.
   It protects you from negative energy.
   It lets you fly.
   It causes magical contamination when unequipped.
Missiles
 g - 8 javelins of returning
 i - 926 stones (quivered)
 Q - 7 curare-tipped needles
Armour
 a - the +1 helmet of Follow the Leader (worn) {*Drain rC+ rN++ Stlth+}
   (You found it on level 15 of the Dungeon)

   It protects you from cold.
   It greatly protects you from negative energy.
   It causes draining when unequipped.
   It makes you more stealthy.
 k - a +0 shield (worn)
 q - a +2 pair of boots of running (worn)
 x - the +1 pair of boots of Imaf {rF+ rCorr}
   (You found it in an ice cave)

   It protects you from fire.
   It provides partial protection from all sources of acid and corrosion.
 C - a +0 pair of gloves (worn)
 J - the +3 chain mail of Indecent Exposure (worn) {rElec}
   (You found it on level 8 of the Dungeon)

   It insulates you from electricity.
 Y - a scarf of resistance (worn)
Jewellery
 b - an uncursed ring of ice
 n - the ring "Iqamm" {rF+ Int+5 Stlth+}
   (You bought it in a shop on level 1 of the Depths)

   [ring of stealth]

   It affects your intelligence (+5).
   It protects you from fire.
   It makes you more stealthy.
 D - the ring "Situant" (left hand) {+Inv rPois}
   (You found it in an ice cave)

   [ring of poison resistance]

   It protects you from poison.
   It lets you turn invisible.
 I - a ring of protection from magic (right hand)
 M - an uncursed ring of resist corrosion
 R - an uncursed ring of protection from cold
 X - an amulet of regeneration (around neck)
Wands
 h - a wand of polymorph (24)
 G - a wand of iceblast (39)
 H - a wand of flame (63)
 K - a wand of disintegration (29)
 L - a wand of clouds (8)
 S - a wand of digging (27)
 U - a wand of enslavement (34)
Scrolls
 j - 22 scrolls of remove curse
 l - 3 scrolls of magic mapping
 m - a scroll of summoning
 o - a scroll of fog
 A - 20 scrolls of identify
 B - 11 scrolls of teleportation
Potions
 e - 6 potions of cancellation
 p - 2 potions of resistance
 s - 9 potions of flight
 t - 3 potions of haste
 v - 6 potions of lignification
 w - 3 potions of curing
 E - a potion of brilliance
 F - a potion of ambrosia
 N - 5 potions of mutation
 Z - a potion of magic
Miscellaneous
 O - a phial of floods
 W - a phantom mirror
Comestibles
 c - 40 rations
 d - 4 chunks of flesh


   Skills:
 + Level 18.5 Fighting
 - Level 19.0 Axes
 + Level 16.8 Armour
 - Level 10.0 Dodging
 - Level 1.5 Stealth
 * Level 10.1 Shields
 + Level 18.7 Invocations


You had 17 spell levels left.
You knew the following spells:

 Your Spells              Type           Power        Failure   Level  Hunger
a - Summon Butterflies    Summ           #.......     97%         1    ##.....

Your spell library contained the following spells:

 Spells                   Type           Power        Failure   Level  Hunger
 Beastly Appendage        Tmut           #.....       97%         1    ##.....
 Flame Tongue             Conj/Fire      #....        97%         1    ##.....
 Magic Dart               Conj           #...         97%         1    ##.....
 Blink                    Tloc           N/A          99%         2    ###....
 Call Imp                 Summ           #.......     99%         2    ###....
 Slow                     Hex            #.......     99%         2    ###....
 Sticks to Snakes         Tmut           #.......     99%         2    ###....
 Throw Flame              Conj/Fire      #.....       99%         2    ###....
 Call Canine Familiar     Summ           #.......     100%        3    ####...
 Conjure Flame            Conj/Fire      #.......     100%        3    ####...
 Inner Flame              Hex/Fire       #.......     100%        3    ####...
 Mephitic Cloud           Conj/Pois/Air  #.......     100%        3    ####...
 Recall                   Summ/Tloc      N/A          100%        3    ####...
 Regeneration             Chrm/Necr      #.........   100%        3    ####...
 Spider Form              Tmut/Pois      #.........   100%        3    ####...
 Ice Form                 Ice/Tmut       #.......     100%        4    #####..
 Sticky Flame             Conj/Fire      #.......     100%        4    #####..
 Summon Ice Beast         Ice/Summ       #.......     100%        4    #####..
 Aura of Abjuration       Summ           #.........   100%        5    ######.
 Blade Hands              Tmut           #.........   100%        5    ######.
 Bolt of Magma            Conj/Fire/Erth #.........   100%        5    ######.
 Fireball                 Conj/Fire      #.........   100%        5    ######.
 Iskenderun's Battlesphe  Conj/Chrm      #.......     100%        5    ######.
 Summon Demon             Summ           #.........   100%        5    ######.
 Summon Forest            Summ/Tloc      #.........   100%        5    ######.
 Summon Mana Viper        Hex/Summ       #.......     100%        5    ######.
 Venom Bolt               Conj/Pois      #.........   100%        5    ######.
 Iron Shot                Conj/Erth      #.........   100%        6    #######
 Shadow Creatures         Summ           N/A          100%        6    #######
 Simulacrum               Ice/Necr       #.........   100%        6    #######
 Orb of Destruction       Conj           #.........   100%        7    #######
 Spellforged Servitor     Conj/Summ      #.........   100%        7    #######
 Summon Hydra             Summ           #.........   100%        7    #######


Dungeon Overview and Level Annotations

Branches:
Dungeon (15/15)            Temple (0/1) D:7            Lair (6/6) D:9
  Swamp (4/4) Lair:2        Snake (4/4) Lair:3        Slime (0/5) Lair:6
    Orc (1/2) D:9          Vaults (0/5) D:13         Depths (1/5) D:15

Altars:
Ashenzari
Dithmenos
Fedhas
Gozag
Hepliaklqana
Nemelex Xobeh
Trog
Vehumet
Xom
Zin
The Shining One
Beogh
Jiyva

Shops:
D:8 (!   D:12 *   D:14 (   D:15 }   Snake:3 (   Depths:1 =

Portals:
Hell: Depths:1
Abyss: Depths:1
Pandemonium: Depths:1

Annotations:
D:3 Sigmund
D:12 2 runed doors
Lair:4 3 runed doors, Hisushy's ghost, journeyman MiFi
Lair:6 1 runed door
Swamp:2 exclusion: Roxanne, Roxanne


Message History

As you read the scroll of fear, it crumbles to dust.
You assume a fearsome visage.
The deep troll shaman resists with some effort.
The iron troll resists with some effort. x2
The deep troll looks frightened!
The iron troll bites you but does no damage.
The iron troll barely misses you. You block the iron troll's attack.
The deep troll shaman bites you but does no damage.
The deep troll shaman claws you but does no damage. x2
You block the iron troll's attack. The iron troll claws you!
* * * LOW HITPOINT WARNING * * *
The iron troll closely misses you.
Okay, then.
Okay, then.
Okay, then.
Evoke which item? (* to show all) (? for menu, Esc to quit)
Okay, then.
Unknown command.
The iron troll barely misses you. The iron troll claws you!!
You die...

#.......#
#.......#
#.......+
#.......#
#.......#
#.T.....#
#T.T....# #'T#
#@.# #..# ##.###
#...# #####
#.#'####### #....
#....(....# #....
#.........#.+....
#.........#.#....
#.........##..##.


You could see 2 iron trolls, a deep troll (fleeing) and a deep troll shaman.

Vanquished Creatures
  the Lernaean hydra (Swamp:4)
  Vashnia (Snake:3)
  A lich (Depths:1)
  An Ice Fiend (IceCv)
  5 thorn hunters
  7 nagarajas (Snake:4)
  2 stone giants (Depths:1)
  A red draconian (Volcano)
  2 ettins
  14 naga warriors
  2 fire dragons
  21 hydras
  A great orb of eyes (Depths:1)
  A shambling mangrove (Swamp:3)
  3 ghost crabs
  3 death yaks
  3 deep troll shamans (Depths:1)
  6 anacondas
  9 two-headed ogres
  4 centaur warriors
  2 ogre magi
  A deep troll earth mage (Depths:1)
  10 alligators
  14 naga sharpshooters
  3 shock serpents
  An iron troll (Depths:1)
  2 salamander mystics
  A spriggan druid (Swamp:4)
  2 wizards (D:14)
  3 naga ritualists
  5 swamp dragons (Swamp:4)
  A golden dragon skeleton (Depths:1)
  A harpy (shapeshifter) (Depths:1)
  2 necromancers
  An orc knight (D:15)
  A deep elf mage (D:15)
  8 mana vipers
  An orc sorcerer (Orc:1)
  3 ugly things
  3 manticores
  8 salamanders
  A cyclops (D:15)
  3 guardian serpents
  7 centaur zombies
  4 molten gargoyles (D:14)
  7 elephants
  An ice statue (IceCv)
  35 black mambas
  25 naga magi
  A torpor snail (Lair:6)
  16 spiny frogs
  A yaktaur zombie (Depths:1)
  2 rime drakes (Lair:6)
  4 komodo dragons
  A yaktaur (Depths:1)
  5 freezing wraiths
  4 anaconda simulacra (IceCv)
  A golden dragon simulacrum (IceCv)
  7 ice devils (IceCv)
  5 trolls
  A polar bear (shapeshifter) (D:15)
  6 tyrant leeches
  2 hornets
  4 dream sheep
  26 slime creatures
  6 blink frogs
  A queen bee (D:10)
  7 hippogriffs
  5 bog bodies
  5 centaur simulacra
  2 dire elephant simulacra (IceCv)
  32 yaks
  A vampire (D:12)
  A wraith (D:11)
  2 wyverns
  A basilisk (Lair:6)
  2 fire elementals (D:15)
  A hungry ghost (D:13)
  20 vampire mosquitoes
  42 nagas
  9 swamp worms
  3 harpy simulacra (IceCv)
  12 insubstantial wisps
  5 iron troll simulacra (IceCv)
  3 acid dragons
  2 hydra simulacra (IceCv)
  6 porcupines
  8 water moccasins
  9 swamp drakes
  4 sky beasts
  A deep troll simulacrum (Depths:1)
  5 ice beasts
  5 orc warriors
  2 necrophages
  A black bear (D:10)
  2 ettin simulacra (IceCv)
  3 ogres
  2 boggarts (D:15)
  12 centaurs
  14 wolves
  16 crocodiles
  8 bullfrogs
  5 big kobolds
  3 scorpions
  Dowan (D:7)
  17 killer bees
  10 wights
  4 howler monkeys
  An electric eel (D:10)
  10 crimson imps
  A bullfrog zombie (D:8)
  2 jellies
  3 draconian simulacra (IceCv)
  3 hounds
  5 orc priests
  Jessica (D:2)
  8 iguanas
  Natasha (twice) (D:3)
  Terence (D:2)
  5 orc wizards (D:9)
  3 spriggan simulacra
  2 hell rats (Lair:5)
  A troll simulacrum (IceCv)
  10 worker ants
  A wolf simulacrum (IceCv)
  A bullfrog simulacrum (D:10)
  14 mummies (Ossuary)
  Robin (D:2)
  8 gnolls
  A howler monkey zombie (D:5)
  8 adders
  2 river rats (Lair:5)
  4 naga simulacra (IceCv)
  An ogre simulacrum (IceCv)
  5 shadow imps
  A howler monkey simulacrum (D:10)
  7 white imps
  4 ufetubi (IceCv)
  4 oozes
  A worm (D:3)
  A dart slug (D:1)
  4 leopard geckos
  17 orcs
  3 ball pythons
  5 giant cockroaches
  A gnoll zombie (D:4)
  12 goblins
  8 hobgoblins
  5 jackals
  27 kobolds
  3 quokkas
  9 bats
  5 frilled lizards
  2 goblin skeletons
  2 goblin zombies (D:6)
  3 hobgoblin zombies (D:6)
  7 kobold skeletons
  2 orc skeletons (Ossuary)
  An orc zombie (D:4)
  A quokka skeleton (D:5)
  17 rats
  11 rat skeletons (Ossuary)
  5 fungi
  16 plants
918 creatures vanquished.

Vanquished Creatures (collateral kills)
  An orc warlord (Swamp:4)
  Agnes (Snake:1)
  Azrael (D:15)
  An orc sorcerer (Swamp:4)
  6 hydras
  A ghost crab (Swamp:2)
  5 naga warriors
  3 catoblepae
  An anaconda (Snake:1)
  3 alligators
  3 death yaks
  A naga sharpshooter (Snake:3)
  Urug (D:10)
  Sonja (Lair:2)
  4 swamp dragons
  4 naga ritualists
  A wizard (D:15)
  A salamander mystic (Snake:3)
  An orc knight (Orc:1)
  A necromancer (D:15)
  A wolf spider zombie (D:15)
  5 mana vipers
  6 ugly things
  2 cyclopes
  5 salamanders
  A manticore (Lair:6)
  4 elephants
  5 naga magi
  3 torpor snails
  A guardian serpent (Snake:2)
  10 black mambas
  9 spiny frogs
  A centaur zombie (D:15)
  2 rime drakes (Lair:6)
  A freezing wraith (D:13)
  5 komodo dragons
  A redback zombie (D:15)
  3 trolls
  4 slime creatures
  2 tyrant leeches
  Grinder (D:5)
  5 hornets
  4 blink frogs
  2 bog bodies
  A meliai zombie (D:15)
  3 hippogriffs
  A dream sheep (Lair:1)
  11 yaks
  A basilisk (Lair:2)
  A wyvern (Lair:6)
  2 spriggans (Swamp:3)
  A vampire (D:9)
  2 fire elementals (D:15)
  2 vampire mosquitoes
  A steam dragon (Lair:6)
  Grum (D:10)
  A redback simulacrum (D:15)
  2 hungry ghosts
  Menkaure (D:5)
  2 nagas
  2 wargs
  An acid dragon (Lair:6)
  2 insubstantial wisps
  7 swamp worms
  3 porcupines
  8 water moccasins
  6 swamp drakes
  3 orc warriors
  Duvessa (D:7)
  A black bear (D:13)
  2 ice beasts
  A necrophage (D:14)
  A boggart (D:15)
  3 ogres
  5 wolves
  4 centaurs
  6 crocodiles
  7 bullfrogs
  2 wyvern zombies (D:13)
  2 killer bees (D:10)
  8 wights
  A howler monkey (D:12)
  A lava snake (D:14)
  A crimson imp (D:15)
  6 orc priests
  A jelly (D:8)
  A gnoll shaman (D:4)
  2 hounds
  3 orc wizards
  A hell rat (Lair:5)
  2 iguanas
  2 worker ants (D:9)
  A troll simulacrum (IceCv)
  A worker ant zombie (D:11)
  2 river rats (Lair:5)
  A white imp (IceCv)
  An ufetubus (D:10)
  A worm (D:5)
  A leopard gecko (D:7)
  14 orcs
  2 kobolds (D:7)
  A jackal skeleton (D:5)
  2 rats (Lair:5)
  A briar patch (Swamp:4)
  A butterfly (Lair:1)
  2 fungi
  7 plants
291 creatures vanquished.

Vanquished Creatures (others)
  Asterion (Snake:3)
  A hydra (Swamp:3)
  7 orc knights
  5 orc sorcerers
  A black mamba (Snake:2)
  20 orc warriors
  13 orc priests
  9 orc wizards
  49 orcs
  2 briar patches (Swamp:4)
  9 fungi
  12 plants
129 creatures vanquished.

Grand Total: 1338 creatures vanquished

Notes
Turn   | Place    | Note
-------+----------+-------------------------------------------
     0 | D:1      | aurelian the Hill Orc Monk began the quest for the Orb.
     0 | D:1      | Reached XP level 1. HP: 19/19 MP: 1/1
    81 | D:1      | Reached XP level 2. HP: 27/27 MP: 2/2
   265 | D:1      | Reached skill level 5 in Axes
   297 | D:1      | Reached XP level 3. HP: 33/33 MP: 3/3
  1481 | D:2      | Reached XP level 4. HP: 41/41 MP: 4/4
  1535 | D:2      | Noticed Robin
  1583 | D:2      | Killed Robin
  1585 | D:2      | Reached skill level 6 in Axes
  2031 | D:2      | Noticed Jessica
  2048 | D:2      | Killed Jessica
  2048 | D:2      | Reached XP level 5. HP: 28/47 MP: 5/5
  2453 | D:2      | Reached skill level 5 in Fighting
  2714 | D:3      | Noticed Sigmund
  2912 | D:3      | Noticed Natasha
  2924 | D:3      | Noticed Terence
  3088 | D:2      | Killed Terence
  3088 | D:2      | Reached skill level 7 in Axes
  3329 | D:3      | Killed Natasha
  3410 | D:3      | Reached skill level 1 in Armour
  3410 | D:3      | Reached XP level 6. HP: 52/56 MP: 6/6
  3451 | D:3      | Became a worshipper of Beogh the Brigand
  3451 | D:3      | Reached * piety under Beogh
  3451 | D:3      | Reached ** piety under Beogh
  3533 | D:3      | Noticed Natasha
  3541 | D:3      | Killed Natasha
  3890 | D:4      | Found a sand-covered staircase.
  4229 | Ossuary  | Entered an ossuary
  5616 | Ossuary  | Reached XP level 7. HP: 43/61 MP: 7/7
  5892 | Ossuary  | Reached skill level 8 in Axes
  5944 | Ossuary  | Reached *** piety under Beogh
  6409 | Ossuary  | Identified a scroll of acquirement
  6900 | D:4      | Found a shadowy altar of Dithmenos.
  6917 | D:5      | Entered Level 5 of the Dungeon
  6924 | D:5      | Noticed Grinder
  6935 | D:5      | Killed Grinder
  6935 | D:5      | Reached skill level 9 in Axes
  6935 | D:5      | Reached XP level 8. HP: 70/70 MP: 8/8
  7132 | D:5      | Found a sparkling altar of Nemelex Xobeh.
  7178 | D:5      | Noticed Menkaure
  7180 | D:5      | Found a shattered altar of Ashenzari.
  7186 | D:5      | Killed Menkaure
  7622 | D:6      | Reached **** piety under Beogh
  7837 | D:6      | Found a glowing golden altar of the Shining One.
  7932 | D:6      | Reached skill level 10 in Axes
  7937 | D:6      | Found a shattered altar of Ashenzari.
  7942 | D:6      | Saw a vision of the Swamp and the Snake Pit.
  7942 | D:6      | Noticed an alligator
  7942 | D:6      | Noticed a salamander
  7942 | D:6      | Noticed an anaconda
  7942 | D:6      | Noticed a black mamba
  7942 | D:6      | Noticed an alligator
  7942 | D:6      | Noticed a black mamba
  7943 | D:6      | Noticed a black mamba
  7943 | D:6      | Noticed a black mamba
  7943 | D:6      | Noticed a naga mage
  7944 | D:6      | Noticed a hornet
  8222 | D:7      | Found a bloodstained altar of Trog.
  8263 | D:7      | Noticed Duvessa
  8263 | D:7      | Noticed Dowan
  8269 | D:7      | Killed Dowan
  8272 | D:7      | Killed Duvessa
  8277 | D:7      | Reached XP level 9. HP: 52/79 MP: 9/9
  8525 | D:7      | Identified the +2 war axe "Ytusown" {drain, Str+7} (You
                  | found it on level 7 of the Dungeon)
  8636 | D:7      | Reached skill level 5 in Armour
  8637 | D:7      | Reached skill level 11 in Axes
  8645 | D:7      | Reached ***** piety under Beogh
  8763 | D:7      | Found a staircase to the Ecumenical Temple.
  8996 | D:8      | Found Puac's Antique Weapon Emporium.
  9048 | D:8      | Gained Horkud as an ally
  9237 | D:8      | Identified the +3 chain mail of Indecent Exposure {rElec}
                  | (You found it on level 8 of the Dungeon)
  9270 | D:8      | Reached skill level 1 in Invocations
  9376 | D:8      | Found Nuetant's Distillery.
  9379 | D:8      | Bought a potion of berserk rage for 65 gold pieces
  9379 | D:8      | Bought a potion of heal wounds for 65 gold pieces
  9379 | D:8      | Bought a potion of agility for 52 gold pieces
  9379 | D:8      | Bought a potion of degeneration for 13 gold pieces
  9498 | D:8      | Found a glowing silver altar of Zin.
  9756 | D:9      | Found a staircase to the Lair.
  9836 | D:9      | Reached skill level 5 in Dodging
 10035 | D:9      | Found a staircase to the Orcish Mines.
 10334 | D:9      | Reached skill level 12 in Axes
 10334 | D:9      | Reached XP level 10. HP: 85/90 MP: 12/12
 10383 | D:9      | Found a hazy altar of Hepliaklqana.
 10390 | D:9      | Found a shimmering altar of Xom.
 10395 | D:9      | Found a radiant altar of Vehumet.
 10402 | D:9      | Found a bloodstained altar of Trog.
 10407 | D:9      | Found a blossoming altar of Fedhas.
 10414 | D:9      | Found an opulent altar of Gozag.
 10419 | D:9      | Found a sparkling altar of Nemelex Xobeh.
 10791 | D:10     | Entered Level 10 of the Dungeon
 10816 | D:10     | Your ally Horkud died
 10818 | D:10     | Gained Beowulf as an ally
 10818 | D:10     | Gained Bogdar as an ally
 10832 | D:10     | Your ally Beowulf died
 10879 | D:10     | Your ally Bogdar died
 10896 | D:10     | Reached skill level 13 in Axes
 11314 | D:10     | Reached skill level 5 in Invocations
 11668 | D:10     | Noticed Grum
 11677 | D:10     | Reached XP level 11. HP: 77/97 MP: 15/15
 11685 | D:10     | Killed Grum
 11776 | D:10     | Learned a level 1 spell: Summon Butterflies
 11897 | D:10     | Noticed Urug
 11913 | D:10     | Killed Urug
 12484 | Lair:1   | Entered Level 1 of the Lair of Beasts
 12899 | Lair:1   | Reached skill level 14 in Axes
 12932 | Lair:1   | Reached skill level 10 in Fighting
 13432 | Lair:1   | Reached ****** piety under Beogh
 14046 | Lair:2   | Noticed a death yak
 14047 | Lair:2   | Noticed a death yak
 14047 | Lair:2   | Noticed a death yak
 14065 | Lair:1   | Killed a death yak
 14254 | Lair:1   | Killed a death yak
 14262 | Lair:1   | Killed a death yak
 14262 | Lair:1   | Gained Jorge as an ally
 14262 | Lair:1   | Reached skill level 15 in Axes
 14262 | Lair:1   | Reached XP level 12. HP: 73/107 MP: 17/17
 14399 | Lair:2   | Noticed a four-headed hydra
 14407 | Lair:2   | Killed a one-headed hydra
 14697 | Lair:2   | Found a staircase to the Swamp.
 14881 | Lair:2   | Noticed Sonja
 14886 | Lair:2   | Killed Sonja
 15364 | Lair:3   | Noticed a seven-headed hydra
 15434 | Lair:3   | Killed a four-headed hydra
 15815 | Lair:3   | Reached skill level 16 in Axes
 15899 | Lair:3   | Noticed a four-headed hydra
 15907 | Lair:3   | Killed a two-headed hydra
 16041 | Lair:3   | Found a staircase to the Snake Pit.
 16111 | Lair:3   | Reached XP level 13. HP: 110/116 MP: 18/20
 16922 | Lair:4   | Found a runed gate.
 16923 | Lair:4   | Found a runed gate.
 16923 | Lair:4   | Noticed Hisushy's ghost (journeyman MiFi)
 16924 | Lair:4   | Found a runed gate.
 17827 | Lair:5   | Reached skill level 10 in Invocations
 17836 | Lair:5   | Reached skill level 17 in Axes
 17846 | Lair:5   | Reached skill level 10 in Armour
 18532 | Lair:6   | Entered Level 6 of the Lair of Beasts
 18823 | Lair:6   | Found a runed door.
 18851 | Lair:6   | Found a dark tunnel.
 18879 | Volcano  | Entered a volcano
 18983 | Volcano  | Identified a +0 pair of boots of running (You found it in a
                  | volcano)
 18994 | Volcano  | Reached skill level 18 in Axes
 18994 | Volcano  | Reached XP level 14. HP: 127/127 MP: 20/22
 19102 | Volcano  | Noticed a red draconian
 19124 | Volcano  | Killed a red draconian
 19852 | Lair:6   | Reached XP level 15. HP: 134/134 MP: 23/23
 20336 | Lair:6   | Found a viscous altar of Jiyva.
 20339 | Lair:6   | Found a staircase to the Slime Pits.
 22203 | D:11     | Reached skill level 19 in Axes
 22400 | D:12     | Found Xolieff's Blood Bar.
 23065 | D:12     | Found a runed door.
 23066 | D:12     | Found a runed door.
 23659 | D:13     | Found a gate to the Vaults.
 24331 | D:14     | Got a slimy great sword
 24745 | D:14     | Found Buademus's Weapon Boutique.
 24775 | D:14     | Reached skill level 10 in Dodging
 25210 | D:14     | You fall through a shaft!
 25210 | D:15     | Entered Level 15 of the Dungeon
 25210 | D:15     | Found Varch's Gadget Shop.
 25415 | D:14     | Found a roughly hewn altar of Beogh.
 25419 | D:14     | Gained Garbold as an ally
 25425 | D:14     | Your ally Garbold died
 25429 | D:14     | Reached XP level 16. HP: 146/146 MP: 25/25
 25501 | D:15     | Gained Grimold as an ally
 25869 | D:15     | Noticed Azrael
 25884 | D:15     | Killed Azrael
 26642 | D:15     | Identified the +1 helmet of Follow the Leader {*Drain rC+
                  | rN++ Stlth+} (You found it on level 15 of the Dungeon)
 26878 | D:15     | Found a staircase to the Depths.
 27264 | Swamp:1  | Entered Level 1 of the Swamp
 28595 | Swamp:2  | Reached skill level 15 in Fighting
 28927 | Swamp:2  | Noticed Roxanne
 29099 | Swamp:2  | Noticed a thorn hunter
 29104 | Swamp:2  | Killed a thorn hunter
 29310 | Swamp:3  | Gained Gorg as an ally
 29318 | Swamp:3  | Paralysed by a hornet for 1 turns
 29319 | Swamp:3  | Your ally Gorg died
 29320 | Swamp:3  | Gained Oreg as an ally
 29573 | Swamp:3  | Noticed a thorn hunter
 29578 | Swamp:3  | Killed a thorn hunter
 29578 | Swamp:3  | Reached skill level 15 in Invocations
 29586 | Swamp:3  | Noticed a thorn hunter
 29591 | Swamp:3  | Killed a thorn hunter
 30299 | Swamp:4  | Entered Level 4 of the Swamp
 30463 | Swamp:4  | Noticed a thorn hunter
 30472 | Swamp:4  | Killed a thorn hunter
 30484 | Swamp:4  | Reached XP level 17. HP: 103/158 MP: 18/28
 30632 | Swamp:4  | Your ally Jorge died
 30864 | Swamp:4  | Noticed the 27-headed Lernaean hydra
 30869 | Swamp:4  | Your ally Oreg died
 30869 | Swamp:4  | Your ally Grimold died
 30885 | Swamp:4  | Killed the 27-headed Lernaean hydra
 32025 | Swamp:4  | Gained Bogwald as an ally
 32049 | Swamp:4  | Your ally Bogwald died
 32084 | Swamp:4  | HP: 6/159 [six-headed hydra (12)]
 32434 | Swamp:4  | Got a decaying rune of Zot
 32880 | Orc:1    | Entered Level 1 of the Orcish Mines
 33455 | Snake:1  | Entered Level 1 of the Snake Pit
 33485 | Snake:1  | Reached skill level 1 in Shields
 33708 | Snake:1  | Reached skill level 15 in Armour
 33711 | Snake:1  | Found a frozen archway.
 33718 | IceCv    | Entered an ice cave
 34472 | IceCv    | Gained Learuk as an ally
 34820 | IceCv    | Noticed an Ice Fiend
 34843 | IceCv    | Killed an Ice Fiend
 35121 | IceCv    | Identified the ring "Situant" {+Inv rPois} (You found it in
                  | an ice cave)
 35125 | IceCv    | Identified the +1 pair of boots of Imaf {rF+ rCorr} (You
                  | found it in an ice cave)
 35128 | IceCv    | Identified the +3 great sword of Wrongful Imprisonment
                  | {vamp, *Contam +Fly rElec rN+} (You found it on level 14 of
                  | the Dungeon)
 35506 | Snake:1  | Noticed Agnes
 35515 | Snake:1  | Killed Agnes
 35747 | Snake:1  | Reached skill level 5 in Shields
 36012 | Snake:1  | Reached XP level 18. HP: 138/169 MP: 30/30
 36549 | Snake:2  | Identified the Almanac of Supportive Evil Secrets
 36560 | Snake:2  | Gained Herok as an ally
 36925 | Snake:2  | Gained Zartorak as an ally
 37276 | Snake:2  | Gained Morbeogh as an ally
 37824 | Snake:3  | Upgraded the game from 0.23-a0-370-gf497b7c to
                  | 0.23-a0-373-g305c090
 37834 | Snake:3  | Noticed Vashnia
 37854 | Snake:3  | Your ally Herok died
 37861 | Snake:3  | Your ally Morbeogh died
 38013 | Snake:3  | Your ally Zartorak died
 38015 | Snake:3  | Killed Vashnia
 38381 | Snake:3  | Noticed Asterion
 38410 | Snake:3  | Your ally Learuk died
 38532 | Snake:3  | Found Kecoruo's Weapon Shop.
 38637 | Snake:3  | Killed Asterion
 39068 | Snake:3  | Gained Ugbert as an ally
 39167 | Snake:4  | Entered Level 4 of the Snake Pit
 40363 | Snake:4  | Gained Ortolf as an ally
 40518 | Snake:4  | Reached XP level 19. HP: 149/179 MP: 32/32
 40868 | Snake:4  | Your ally Ortolf died
 41158 | Snake:4  | Got a serpentine rune of Zot
 42087 | Depths:1 | Entered Level 1 of the Depths
 42087 | Depths:1 | Noticed a lich
 42096 | Depths:1 | Killed a lich
 42335 | Depths:1 | Found Beock's Jewellery Emporium.
 42363 | Depths:1 | Bought the ring "Iqamm" {rF+ Int+5 Stlth+} for 840 gold
                  | pieces
 42451 | Depths:1 | Found a one-way gate to the infinite horrors of the Abyss.
 42593 | Depths:1 | Found a one-way gate leading to the halls of Pandemonium.
 42617 | Depths:1 | Found a gateway to Hell.
 42633 | Depths:1 | Reached skill level 10 in Shields
 42654 | Depths:1 | HP: 8/180 [iron troll (8)]
 42655 | Depths:1 | Demolished by an iron troll

Vault maps used:
D:1:      dpeg_arrival_rooms_with_view, minmay_misc_feat_four_crosses
D:2:      first_ration, dk_noncrumbling_4, uniq_jessica, uniq_robin
D:3:      uniq_natasha, uniq_terence, uniq_sigmund
D:4:      grunt_dithmenos_smoke, enter_ossuary_3, chequers_jeans
D:5:      overflow_temple_1_default, nemelex_altar_shiori, uniq_menkaure,
          uniq_grinder
D:6:      nicolae_tso_besieged_by_evil, minmay_misc_feat_tower,
          grunt_ashenzari_visionary
D:7:      minmay_temple_entry_junction, minmay_statues_item,
          trog_three_pillars_becter, uniq_duvessa
D:8:      zin_academy, serial_shops, nicolae_shop_behind_doors,
          nicolae_shop_trees
D:9:      nicolae_overflow_hidden_temple, grunt_temple_overflow_octagram,
          lair_entry_dummy, erik_orc_3
D:10:     serial_ice, serial_ice_b, serial_ice_k, serial_ice_d, serial_ice_o,
          david_nohive_1, uniq_grum, uniq_urug
D:12:     minmay_the_grid_triangle_9x9_recursive_3, guppyfry_shop_blood
D:13:     david_vaults_4, minmay_crystal_room, minmay_unpleasant_kobolds
D:14:     minivault_25, serial_shops, nicolae_shop_behind_doors, special_room,
          minivault_8
D:15:     grunt_enter_depths_magical_seal, serial_shops, nicolae_shop_crystal,
          amethyst_killhole, uniq_azrael
Lair:1:   serial_forest, infiniplex_forest_straight_3,
          infiniplex_forest_clump_double, infiniplex_forest_clump_double,
          infiniplex_forest_lined_3_way, infiniplex_forest_end_3,
          infiniplex_forest_lined_room_2, infiniplex_forest_end_2,
          serial_bayou_pond_b, lemuel_fruit_fields, infiniplex_staircase_pool,
          lemuel_fruit_tree
Lair:2:   swamp_mist_pool, fungi_pond_lemuel, small_statue_intersection,
          grunt_megastairs_5, uniq_sonja
Lair:3:   dummy_snake_entry, minmay_lindwurm_lava
Lair:4:   gammafunk_ghost_split, st_stairs_5
Lair:5:   chequers_serial_rivers_micro_d, kennysheep_abandoned_house
Lair:6:   hangedman_lair_in_review, guppyfry_lair_end_dragon, slime_altar_2,
          enter_volcano_1, serial_bayou_shore_b
Swamp:1:  evilmike_swamp_ruin_house_5
Swamp:2:  nicolae_swamp_stair_fork, uniq_roxanne
Swamp:3:  evilmike_swamp_ruin_house_2
Swamp:4:  swamp_old_school, swamp_pool5, ldierk_geyser
Snake:1:  portal_ice_cave_entry_pillars_three, uniq_agnes
Snake:3:  serial_shops, nicolae_shop_waterfront, uniq_vashnia, uniq_asterion
Snake:4:  snake_pit
Orc:1:    nicolae_orc_accident_2, uniq_fannar
Depths:1: abyss_entry, rand_demon_pan_entry_5, hell_entry,
          wad_floor_pattern_untrapped, spider_trap, hex_large,
          chequers_serial_rivers_room_a, st_stairs_5, kennysheep_small_square
Ossuary:  ossuary_due_small_catacomb
IceCv:    ice_cave_caverns_01
Volcano:  volcano_pools

Skill      XL: |  1  2  3  4  5  6  7  8  9 10 11 12 13 14 15 16 17 18 19 |
---------------+----------------------------------------------------------+-----
Fighting       | 4 5 6 7 8 9 10 11 12 14 15 17 18 | 18.5
Axes           | 5 6 7 9 10 12 13 15 16 18 19 | 19.0
Armour         | 1 2 3 4 5 7 8 9 10 12 14 15 16 | 16.8
Dodging        | 3 4 5 6 7 8 9 10 | 10.0
Invocations    | 3 5 7 9 11 13 15 16 18 | 18.7
Shields        | 5 8 10 | 10.1
Stealth        | |  1.5

Action                   |  1- 3 |  4- 6 |  7- 9 | 10-12 | 13-15 | 16-18 | 19-21 || total
-------------------------+-------+-------+-------+-------+-------+-------+-------++-------
Melee: Hand axe          |   121 |   362 |    72 |       |       |       |       ||   555
       Broad axe         |       |       |   198 |   411 |   663 |  1209 |   249 ||  2730
 Fire: Hunting sling     |       |    27 |       |       |       |       |       ||    27
Throw: Stone             |       |     1 |     2 |       |     3 |    17 |    13 ||    36
Invok: Convert to Beogh  |       |     1 |       |       |       |       |       ||     1
       Recall Orcish Fol |       |       |       |     5 |    12 |    23 |     2 ||    42
       Stop Recall       |       |       |       |     2 |     3 |     8 |       ||    13
       Smiting           |       |       |       |       |     5 |    41 |       ||    46
       Give Item to Name |       |       |       |       |     1 |     1 |       ||     2
Evoke: Wand              |       |       |     1 |    10 |     2 |     6 |       ||    19
       Phial of floods   |       |       |       |     1 |       |       |       ||     1
  Use: Scroll            |       |     3 |    17 |     3 |    14 |     9 |     1 ||    47
       Potion            |       |       |     2 |     5 |     7 |    12 |       ||    26
 Stab: Sleeping          |     5 |     1 |       |       |       |     1 |       ||     7
       Distracted        |       |       |     1 |     7 |     9 |     9 |       ||    26
       Petrified         |       |       |       |       |     2 |       |       ||     2
       Paralysed         |       |       |       |       |       |     1 |       ||     1
  Eat: Chunk             |       |    10 |     7 |    15 |    29 |    17 |     2 ||    80
       Ration            |       |     2 |     2 |     1 |       |     9 |     1 ||    15
Armor: Robe              |    13 |     8 |       |       |       |       |       ||    21
       Leather armour    |       |    14 |       |       |       |       |       ||    14
       Ring mail         |       |     7 |       |       |       |       |       ||     7
       Chain mail        |       |    62 |   146 |   235 |   315 |   576 |   119 ||  1453
       Swamp dragon scal |       |       |       |       |       |    53 |       ||    53
Dodge: Dodged            |    90 |   144 |    67 |   213 |   320 |   643 |    92 ||  1569
       Deflected         |       |       |       |     2 |    15 |       |       ||    17
Block: Other             |       |       |     5 |    74 |     3 |       |       ||    82
       Reflection        |       |       |       |     2 |       |       |       ||     2
       Buckler           |       |       |       |       |       |    39 |       ||    39
       Shield            |       |       |       |       |       |   226 |   125 ||   351

Table legend:
 A = Non-vault XP
 B = Vault XP
 C = Vault XP percentage of total XP
 D = Non-vault monster count
 E = Vault monster count
 F = Vault count percentage of total count
                 A         B        C        D         E       F
            +---------+---------+-------+---------+---------+-------
      Total |  215741 |  110377 |  33.8 |     820 |     355 |  30.2
            +---------+---------+-------+---------+---------+-------
        D:1 |      57 |       3 |   5.0 |      31 |       2 |   6.1
        D:2 |      96 |     106 |  52.5 |      25 |      12 |  32.4
        D:3 |     108 |      36 |  25.0 |      16 |       1 |   5.9
        D:4 |     279 |       4 |   1.4 |      12 |       3 |  20.0
        D:5 |     209 |     290 |  58.1 |      17 |       2 |  10.5
        D:6 |     453 |      53 |  10.5 |      13 |       9 |  40.9
        D:7 |     857 |     171 |  16.6 |      27 |       2 |   6.9
        D:8 |     490 |       0 |   0.0 |       7 |       0 |   0.0
        D:9 |    1250 |     315 |  20.1 |      26 |       6 |  18.8
       D:10 |    2401 |    2671 |  52.7 |      19 |      30 |  61.2
       D:11 |    4222 |       0 |   0.0 |      30 |       0 |   0.0
       D:12 |    1686 |     984 |  36.9 |      22 |       6 |  21.4
       D:13 |    6605 |    1992 |  23.2 |      29 |       9 |  23.7
       D:14 |   10866 |    1775 |  14.0 |      32 |      12 |  27.3
       D:15 |   12378 |    4231 |  25.5 |      47 |      13 |  21.7
     Lair:1 |    5504 |    3002 |  35.3 |      30 |       6 |  16.7
     Lair:2 |    5676 |     594 |   9.5 |      28 |       2 |   6.7
     Lair:3 |    7628 |       0 |   0.0 |      35 |       0 |   0.0
     Lair:4 |    3114 |     173 |   5.3 |      18 |       2 |  10.0
     Lair:5 |    8356 |     916 |   9.9 |      27 |      13 |  32.5
     Lair:6 |    7162 |   11827 |  62.3 |      26 |      40 |  60.6
    Swamp:1 |    8026 |       0 |   0.0 |      21 |       0 |   0.0
    Swamp:2 |   11911 |       0 |   0.0 |      33 |       0 |   0.0
    Swamp:3 |   11783 |     978 |   7.7 |      28 |       1 |   3.4
    Swamp:4 |   16598 |   19619 |  54.2 |      39 |      28 |  41.8
    Snake:1 |   17417 |    1354 |   7.2 |      36 |       1 |   2.7
    Snake:2 |   24349 |       0 |   0.0 |      61 |       0 |   0.0
    Snake:3 |   16721 |    8689 |  34.2 |      34 |       7 |  17.1
    Snake:4 |   10004 |   29921 |  74.9 |      17 |      45 |  72.6
      Orc:1 |    1044 |       0 |   0.0 |       4 |       0 |   0.0
   Depths:1 |   18491 |    4093 |  18.1 |      30 |       6 |  16.7
    Ossuary |       0 |     267 | 100.0 |       0 |      33 | 100.0
      IceCv |       0 |   11590 | 100.0 |       0 |      59 | 100.0
    Volcano |       0 |    4723 | 100.0 |       0 |       5 | 100.0
            +---------+---------+-------+---------+---------+-------
